 Dungeon Crawl Stone Soup version 0.31-a0-196-g86fe4a5e66 (webtiles) character file.

Game seed: 2257979040519436298

62748 avis the Spry (level 14, -3/105 HPs)
             Began as a Felid Summoner on June 23, 2023.
             Was an Initiate of Gozag.
             Slain by a bog body (34 damage)
             ... on level 2 of the Swamp on June 24, 2023.
             The game lasted 06:09:42 (38202 turns).

avis the Spry (Felid Summoner)                     Turns: 38202, Time: 06:09:42

Health: -3/105     AC: 16    Str: 18    XL:     14   Next: 65%
Magic:  32/32      EV: 20    Int: 29    God:    Gozag
Gold:   3260       SH:  0    Dex: 23    Spells: 0/35 levels left
                                        Lives:  0   Deaths: 3

rFire   + +          .
                       - Unarmed
rCold   x . .        (shield unavailable)
rNeg    . . .        (body armour unavailable)
rPois   +            (helmet unavailable)
rElec   .            (cloak unavailable)
rCorr   .            (gloves unavailable)
SInv    +            (boots unavailable)
Will    ++...        R - amulet of Sozeosto {RegenMP rPois Regen+}
Stlth   +++          N - ring "Koll" {Drain Int+7 Dex+6}
HPRegen 1.17/turn    V - ring of wizardry
MPRegen 0.63/turn

%: wizardry (x1)
@: short of breath, dragon-form, gold aura, flying, studying Poison Magic
A: dragon claw, dragon scales, breathe fire, flying, boosted hp, giant, (claws
1), (fangs 3), see invisible, (speed 1), (shaggy fur 3), (stealthy paws), no
weapons or thrown items, no armour, multi-lived, (cold resistance 1), high MP 1,
strong 1
a: Breathe Fire, End Transformation, Renounce Religion, Potion Petition, Call
Merchant, Bribe Branch


You were on level 2 of the Swamp.
You worshipped Gozag.
Gozag was most pleased with you.
You were a fearsome dragon!
You visited 6 branches of the dungeon, and saw 25 of its levels.
You also visited: Ossuary, Bailey, Gauntlet and Ice Cave.

You collected 9736 gold pieces.
You spent 3843 gold pieces at shops.
You paid 2633 gold pieces to Gozag.

Inventory:

Jewellery
 b - a ring of resist corrosion
 e - a ring of positive energy
 C - the amulet of the Firefly {Reflect rElec rF+ Dex+3 SH+5}
   (You found it in an ice cave)

   [amulet of reflection]

   It reflects blocked missile attacks.
   Dex:       It affects your dexterity (+3).
   rF:        It protects you from fire.
   rElec:     It insulates you from electricity.
   SH:        It affects your SH (+5).
 J - the ring of Tiss {rPois MP+9}
   (You found it on level 5 of the Lair of Beasts)

   [ring of magical power]

   rPois:     It protects you from poison.
   MP:        It affects your magic capacity (+9).
 N - the ring "Koll" (left foreclaw) {Drain Int+7 Dex+6}
   (You found it on level 1 of the Lair of Beasts)

   [ring of dexterity]

   Int:       It affects your intelligence (+7).
   Dex:       It affects your dexterity (+6).
   Drain:     It drains your maximum health when unequipped.
 P - the ring "Ilimugek" {Fire Dex+3}
   (You found it in a Gauntlet)

   [ring of fire]

   It enhances your fire magic.
   Dex:       It affects your dexterity (+3).
   rF:        It protects you from fire.
   rC:        It makes you vulnerable to cold.
 R - the amulet of Sozeosto (around neck) {RegenMP rPois Regen+}
   (You found it in a Gauntlet)

   [amulet of magic regeneration]

   It increases your rate of magic regeneration.
   rPois:     It protects you from poison.
   Regen:     It increases your rate of health regeneration.
 U - a ring of flight
 V - a ring of wizardry (right foreclaw)
Wands
 l - a wand of charming (33)
 o - a wand of acid (7)
 z - a wand of roots (1)
 B - a wand of polymorph (21)
 I - a wand of flame (12)
 Q - a wand of mindburst (4)
 T - a wand of digging (11)
Scrolls
 d - 2 scrolls of amnesia
 h - 5 scrolls of poison
 k - 2 scrolls of revelation
 n - 12 scrolls of teleportation
 t - 4 scrolls of fear
 v - 3 scrolls of immolation
 A - 3 scrolls of silence
 D - 5 scrolls of fog
 F - 4 scrolls of butterflies
Potions
 a - 6 potions of magic
 c - 3 potions of resistance
 f - 9 potions of heal wounds
 g - 23 potions of curing
 i - 3 potions of enlightenment
 j - a potion of brilliance
 p - a potion of invisibility
 q - 5 potions of berserk rage
 r - 4 potions of mutation
 s - 3 potions of haste
 w - a potion of might
 x - 4 potions of lignification
 E - a potion of cancellation
 H - a potion of ambrosia
Miscellaneous
 y - a phantom mirror
 L - a phial of floods
 M - a lightning rod (4/4)


   Skills:
 + Level 13.1 Fighting
 + Level 17.0 Dodging
 - Level 2.6 Stealth
 + Level 2.3 Unarmed Combat
 - Level 11.0 Spellcasting
 - Level 10.0 Hexes
 - Level 14.0 Summonings
 + Level 3.5 Translocations
 * Level 12.8 Transmutations
 - Level 5.0 Ice Magic
 - Level 7.0 Air Magic


You couldn't memorise any spells.
You knew the following spells:

 Your Spells              Type           Power      Damage    Failure   Level
b - Blink                 Tloc           72%        N/A       1%          2
g - Summon Guardian Gole  Hex/Summ       71%        N/A       1%          3
l - Summon Lightning Spi  Summ/Air       67%        N/A       1%          4
m - Manifold Assault      Tloc           36%        N/A       3%          4
q - Summon Ice Beast      Ice/Summ       63%        N/A       1%          4
v - Summon Mana Viper     Hex/Summ       71%        N/A       1%          5
C - Summon Cactus Giant   Summ           38%        N/A       1%          6
D - Dragon Form           Tmut           37%        N/A       6%          7

Your spell library contained the following spells:

 Spells                   Type           Power      Damage    Failure   Level
 Summon Small Mammal      Summ           100%       N/A       0%          1
 Call Imp                 Summ           100%       N/A       0%          2
 Apportation              Tloc           72%        N/A       1%          1
 Necrotise                Necr           60%        1d7       1%          1
 Sandblast                Erth           30%        2d9       1%          1
 Lesser Beckoning         Tloc           72%        N/A       1%          2
 Momentum Strike          Conj/Tloc      52%        3d9       1%          2
 Passwall                 Tmut/Erth      43%        N/A       1%          2
 Call Canine Familiar     Summ           77%        N/A       1%          3
 Frozen Ramparts          Ice            88%        1d14      1%          3
 Gell's Gravitas          Tloc           36%        N/A       1%          3
 Inner Flame              Hex/Fire       44%        N/A       1%          3
 Ozocubu's Armour         Ice            44%        N/A       1%          3
 Teleport Other           Tloc           36%        N/A       1%          3
 Tukima's Dance           Hex            65%        N/A       1%          3
 Vhi's Electric Charge    Tloc/Air       92%        N/A       1%          3
 Ice Form                 Ice/Tmut       61%        N/A       1%          4
 Blade Hands              Tmut           37%        N/A       1%          5
 Yara's Violent Unravell  Hex/Tmut       35%        3d14      1%          5
 Alistair's Intoxication  Tmut/Pois      34%        N/A       2%          5
 Stone Arrow              Conj/Erth      30%        3d8       4%          3
 Vampiric Draining        Necr           15%        2d7       4%          3
 Arcjolt                  Conj/Air       18%        1d28      9%          5
 Enfeeble                 Hex            32%        N/A       19%         7
 Malign Gateway           Summ/Tloc      30%        N/A       30%         7
 Agony                    Necr           15%        N/A       34%         5
 Fireball                 Conj/Fire      7%         3d5       34%         5
 Iskenderun's Battlesphe  Conj           15%        2d7       34%         5
 Conjure Ball Lightning   Conj/Air       18%        3x3d6     43%         6
 Ozocubu's Refrigeration  Ice            22%        4d12      78%         7
 Maxwell's Capacitive Co  Air            27%        ∞         99%         8
 Orb of Destruction       Conj           7%         9d6       100%        7
 Portal Projectile        Hex/Tloc       Unusable   N/A       N/A         3

Dungeon Overview and Level Annotations

Branches:
Dungeon (14/15)            Temple (1/1) D:6            Lair (5/5) D:11
  Swamp (2/4) Lair:3        Snake (1/4) Lair:2        Slime (0/5) Lair:5
    Orc (2/2) D:11            Elf (0/3) Orc:2        Vaults (0/5) D:13
Ossuary (visited)          Bailey (visited)           IceCv (visited)
Gauntlet (visited)

Altars:
Ashenzari
Cheibriados
Dithmenos
Elyvilon
Fedhas
Gozag
Hepliaklqana
Kikubaaqudgha
Makhleb
Nemelex Xobeh
Okawaru
Qazlal
Ru
Sif Muna
Trog
Uskayaw
Vehumet
Wu Jian
Xom
Yredelemnul
Zin
The Shining One

Shops:
D:5 [(   D:13 (   D:14 ([==   Orc:2 [:![*   Lair:1 :   Lair:3 !


Innate Abilities, Weirdness & Mutations

You are a fearsome dragon!
You have a powerful clawing attack.
Your giant scaled body is strong and resiliant, but less evasive.
You can breathe fire.
You are flying.
Your maximum health is greatly increased.
((You have sharp claws.))
((You have razor-sharp teeth.))
You have supernaturally acute eyesight. (SInv)
((You cover ground quickly. (Speed+)))
((Your thick and shaggy fur keeps you warm. (AC +3, rC+)))
((Your paws help you pounce on unaware monsters.))
You are incapable of wielding weapons or throwing items.
You cannot wear armour.
You gain extra lives every three experience levels.
((Your flesh is cold resistant. (rC+)))
You have an increased reservoir of magic. (+10% MP)
Your muscles are strong. (Str +4, Int/Dex -1)


Message History

You breathe a blast of fire.
You hear a sizzling sound!
Your mana viper bites the will-o-the-wisp.
The will-o-the-wisp's magic leaks into the air.
Your cactus giant closely misses the will-o-the-wisp.
The will-o-the-wisp blinks!
The will-o-the-wisp closely misses your mana viper.
Your ice beast completely misses the will-o-the-wisp.
There is a stone staircase leading down here.
Your mana viper bites the will-o-the-wisp!!
The will-o-the-wisp is destroyed!
An alligator comes into view.
The bog body is distracted by your dazzling golden aura.
The alligator bites your mana viper!!
Your mana viper dies!
Your mana viper disappears in a puff of smoke!
The bog body is no longer distracted by gold.
The bog body points at you and mumbles some strange words.
The bolt of cold hits you!!
You feel a terrible chill! The alligator bites your ice beast!!
The alligator closely misses your ice beast.
Your ice beast barely misses the alligator.
You barely miss the bog body.
You are engulfed in freezing vapours.
Your cactus giant hits the bog body with a +0 giant spiked club.
The bog body barely misses you.
You barely miss the bog body.
The bog body is lightly damaged.
The bog body touches you. The bog body freezes you!!!
You feel a terrible chill!
* * * LOW HITPOINT WARNING * * *
The alligator is struck by your cactus giant's spines.
The alligator completely misses your cactus giant.
The alligator tail-slaps your cactus giant!
You feel much better.
Your cactus giant disappears in a puff of smoke!
The bog body touches you.
* * * LOW HITPOINT WARNING * * *
The bog body freezes you!!
You feel a terrible chill!
You die...
Your body crumbles into a pile of gold.

~~.~~~~~..~~~$..♣♣
....~~~...§~.~~~~♣
....~~~~~..§.♣~~.♣♣
..~..~~~..~~~~~~~.♣
~...~~....§~~~~~~.♣♣♣
~..♣♣~.<.$..Y.~$~.~~♣
♣~♣~....~.t~....♣
♣♣♣♣♣♣...$§n.$.♣♣
♣♣~~..~°D♣♣♣
♣.~$...>§♣♣♣♣
♣....~~.....♣
...~♣.~...~~.♣
....♣~...~~..♣
.♣...♣♣~....♣♣ ♣..♣
♣♣♣♣♣♣♣ ♣.~ ♣.


You could see an alligator (swift, ally target), a bog body and a friendly ice
beast (summoned).

Vanquished Creatures
  An eleionoma (Swamp:2)
  A hydra (Swamp:1)
  3 anacondas (Snake:1)
  2 naga warriors (Snake:1)
  3 shock serpents (Snake:1)
  2 spriggans (Swamp:1)
  A naga sharpshooter (Snake:1)
  2 goliath frogs (Swamp:1)
  A bog body (Swamp:1)
  2 swamp dragons
  2 ugly things (D:14)
  A guardian serpent (Snake:1)
  4 black mambas (Snake:1)
  2 salamanders (Snake:1)
  2 naga magi (Snake:1)
  Maggie (D:9)
  2 hornets (Swamp:1)
  3 tyrant leeches (Swamp:1)
  5 slime creatures (D:14)
  A steam dragon (D:9)
  5 swamp worms
  6 nagas (Snake:1)
  4 swamp drakes (Swamp:1)
  A wight (D:8)
  2 gnolls (D:7)
  An orc (D:5)
  A bat (D:1)
  2 goblins (D:1)
  A jackal (D:2)
  3 training dummies (D:5)
  A kobold (D:1)
  4 rats
72 creatures vanquished.

Vanquished Creatures (collateral kills)
  An orc warlord (Orc:1)
  A dire elephant (Lair:5)
  3 white draconians (IceCv)
  A minotaur (Gauntlet)
  2 ettins (Orc:2)
  Snorg (Orc:1)
  Josephine (D:14)
  A rakshasa (D:14)
  3 catoblepae (Lair:5)
  11 hydras
  4 ogre magi
  2 boulder beetles
  2 centaur warriors
  19 two-headed ogres
  2 dancing weapons (D:13)
  2 naga warriors (Snake:1)
  3 tengu warriors
  A sun demon (Gauntlet)
  The ghost of IdlyInterested the Fighter, a novice DsFi of Ashenzari (D:9)
  2 skysharks (Lair:5)
  2 bog bodies (Swamp:1)
  A swamp dragon (Swamp:2)
  3 orc knights
  A necromancer (Gauntlet)
  A mana viper (Snake:1)
  A lindwurm (Lair:5)
  4 deep elf pyromancers
  An orc sorcerer (Orc:1)
  4 cyclopes
  A will-o-the-wisp (Swamp:2)
  4 ugly things (D:14)
  20 elephants
  3 manticores
  5 black mambas
  A gargoyle (D:12)
  A torpor snail (Lair:1)
  6 storm dragon simulacra (IceCv)
  3 kobold demonologists
  16 cane toads
  A freezing wraith (D:14)
  3 komodo dragons
  A yaktaur (shapeshifter) (D:14)
  A hellion (Gauntlet)
  2 golden dragon simulacra (IceCv)
  6 rime drakes
  2 tengu conjurers (Gauntlet)
  8 trolls
  13 dream sheep (Lair:5)
  19 blink frogs
  2 shadows (D:11)
  7 slime creatures (D:13)
  Sigmund (D:6)
  6 wraiths
  5 wyverns
  75 yaks
  3 basilisks
  Menkaure (D:5)
  2 vampire mosquitoes (D:12)
  6 nagas
  2 acid dragons
  11 water moccasins
  19 orc warriors
  3 boggarts (D:14)
  25 ogres
  4 wolves (Gauntlet)
  4 ice dragon simulacra (IceCv)
  2 centaurs
  A phantom (D:5)
  5 kobold brigands
  A nameless horror (Lair:2)
  Blork the orc (D:4)
  2 scorpions
  12 bullfrogs
  A gnoll sergeant (D:12)
  6 necrophages (Lair:3)
  7 wights
  3 lindwurm simulacra (IceCv)
  A troll zombie (D:11)
  11 killer bees
  4 electric eels (Lair:3)
  7 howler monkeys
  A hound (D:6)
  6 orc priests
  3 gnoll boudas
  5 jellies
  3 iguanas
  22 orc wizards
  3 ogre zombies (D:11)
  4 mummies (Ossuary)
  9 gnolls
  10 adders
  A white imp (D:7)
  An ufetubus (D:6)
  A worm (D:4)
  3 dart slugs
  70 orcs
  2 bats
  9 endoplasms
  3 giant cockroaches
  3 gnoll zombies (Ossuary)
  13 goblins
  4 hobgoblins
  A jackal (D:2)
  11 kobolds
  4 quokkas
  7 ball pythons
  4 frilled lizards
  2 goblin skeletons (D:11)
  3 goblin zombies (D:11)
  2 hobgoblin zombies (D:11)
  3 kobold zombies (Ossuary)
  An orc skeleton (D:11)
  12 orc zombies
  5 rats
668 creatures vanquished.

Vanquished Creatures (others)
  A draconian knight (IceCv)
  2 white draconians (IceCv)
  A centaur warrior (D:13)
  A boulder beetle (Lair:5)
  An orc knight (Bailey)
  An ugly thing (D:11)
  An elephant (Lair:4)
  A storm dragon simulacrum (IceCv)
  A komodo dragon (Lair:3)
  2 golden dragon simulacra (IceCv)
  A bloated husk (Swamp:2)
  A blink frog (Lair:1)
  A slime creature (D:13)
  A shadow (D:11)
  8 yaks
  2 wyverns
  A water moccasin (D:9)
  An ice beast (D:5)
  An orc warrior (Bailey)
  3 centaurs
  2 ogres
  A scorpion (D:7)
  2 wights (D:10)
  A troll zombie (D:11)
  3 lindwurm simulacra (IceCv)
  8 killer bees
  A nameless horror (D:12)
  An electric eel (Lair:3)
  An orc priest (D:5)
  A hound (D:5)
  A jelly (D:6)
  A gnoll bouda (D:7)
  An ogre zombie (D:11)
  4 mummies (Ossuary)
  8 gnolls
  4 orcs
  An orc zombie (Ossuary)
  2 foxfires (Swamp:2)
75 creatures vanquished.

Grand Total: 815 creatures vanquished

Notes
Turn   | Place    | Note
-------+----------+-------------------------------------------
     0 | D:1      | avis the Felid Summoner began the quest for the Orb.
     0 | D:1      | Reached XP level 1. HP: 7/7 MP: 4/4
   141 | D:1      | You fall into a shaft and drop 1 floor!
   343 | D:1      | Reached XP level 2. HP: 10/11 MP: 6/6
   346 | D:1      | Learned a level 2 spell: Call Imp
  1416 | D:2      | Reached XP level 3. HP: 14/14 MP: 5/8
  1420 | D:2      | Learned a level 3 spell: Call Canine Familiar
  2385 | D:3      | Found a hide-covered altar of Uskayaw.
  2591 | D:3      | Reached XP level 4. HP: 18/18 MP: 3/10
  2998 | D:3      | Found a sparkling altar of Nemelex Xobeh.
  3225 | D:3      | Learned a level 3 spell: Summon Guardian Golem
  3462 | D:4      | Reached skill level 1 in Hexes
  3541 | D:4      | Noticed a scorpion
  3555 | D:4      | Killed a scorpion
  3556 | D:4      | Reached XP level 5. HP: 21/21 MP: 4/11
  3784 | D:4      | Reached skill level 5 in Summonings
  3889 | D:4      | Noticed Blork the orc
  3899 | D:4      | Noticed a yak
  3905 | D:4      | Killed Blork the orc
  3906 | D:4      | Gained mutation: You are covered in thick fur. (AC +2)
                  | [Felid growth]
  3906 | D:4      | Reached XP level 6. HP: 24/24 MP: 4/13
  4387 | D:4      | Killed a yak
  4388 | D:4      | Reached skill level 5 in Hexes
  4751 | D:4      | Learned a level 4 spell: Summon Lightning Spire
  4755 | D:5      | Entered Level 5 of the Dungeon
  4755 | D:5      | Found Cura Sue's Firing Range.
  4803 | D:5      | Noticed an ice beast
  4804 | D:5      | Noticed Menkaure
  4885 | D:5      | Reached XP level 7. HP: 28/28 MP: 8/14
  4907 | D:5      | Found a sand-covered staircase.
  4937 | D:5      | Reached skill level 3 in Dodging
  4990 | Ossuary  | Entered an ossuary
  5056 | Ossuary  | Reached skill level 1 in Air Magic
  5295 | Ossuary  | Reached skill level 1 in Fighting
  5773 | D:5      | Killed Menkaure
  5815 | D:5      | Reached skill level 5 in Spellcasting
  5935 | D:5      | Learned a level 4 spell: Summon Ice Beast
  6001 | D:5      | Found Zit Voub's Armour Shop.
  6021 | D:5      | Reached skill level 4 in Dodging
  6035 | D:5      | Reached XP level 8. HP: 33/33 MP: 6/16
  6715 | D:6      | Found a sacrificial altar of Ru.
  6771 | D:6      | Noticed Sigmund
  6823 | D:6      | Killed Sigmund
  7004 | D:6      | Found a stormy altar of Qazlal.
  7065 | D:6      | Reached skill level 5 in Dodging
  7099 | D:6      | Found a staircase to the Ecumenical Temple.
  7107 | Temple   | Entered the Ecumenical Temple
  7199 | Temple   | Became a worshipper of Gozag Ym Sagoz the Greedy
  8630 | D:7      | Found a glowing golden altar of the Shining One.
  8711 | D:7      | Reached XP level 9. HP: 38/38 MP: 6/18
  8987 | D:7      | Found a bloodstained altar of Trog.
  9390 | D:8      | Found a burning altar of Makhleb.
  9650 | D:7      | Reached skill level 5 in Air Magic
 10056 | D:8      | Reached skill level 6 in Dodging
 10056 | D:8      | Reached skill level 1 in Ice Magic
 10634 | D:9      | Noticed Maggie
 11241 | D:9      | Identified the +1 giant club of the Solstice {freeze, SInv
                  | Stlth+}
 11241 | D:9      | Noticed a two-headed ogre
 11241 | D:9      | Noticed a two-headed ogre
 11242 | D:9      | Found a transporter.
 11243 | D:9      | Noticed IdlyInterested's ghost (novice DsFi)
 11244 | D:9      | Noticed a two-headed ogre
 11247 | D:9      | Found a transporter.
 11249 | D:9      | Noticed a two-headed ogre
 11250 | D:9      | Noticed a two-headed ogre
 11333 | D:9      | Noticed a kobold demonologist
 11334 | D:9      | Noticed a kobold demonologist
 11342 | D:9      | Noticed a hellwing
 11349 | D:9      | Noticed a soul eater
 11476 | D:9      | Killed Maggie
 11625 | D:9      | Reached skill level 7 in Dodging
 11625 | D:9      | Reached XP level 10. HP: 43/43 MP: 5/20
 11886 | D:9      | Noticed a two-headed ogre
 11897 | D:9      | Killed a two-headed ogre
 12126 | D:10     | Entered Level 10 of the Dungeon
 12156 | D:9      | Reached skill level 5 in Fighting
 12249 | D:10     | Found an ancient bone altar of Kikubaaqudgha.
 12299 | D:10     | Found a flagged portal.
 12336 | Bailey   | Entered a bailey
 12582 | Bailey   | Found a large runed translucent door.
 12582 | Bailey   | Found a large runed translucent door.
 12623 | Bailey   | Noticed a deep elf pyromancer
 12717 | Bailey   | Noticed an orc knight
 12743 | Bailey   | Killed an orc knight
 12744 | Bailey   | Reached skill level 5 in Ice Magic
 12874 | Bailey   | Killed a deep elf pyromancer
 12875 | Bailey   | Reached skill level 8 in Dodging
 13584 | D:10     | Reached XP level 11. HP: 48/48 MP: 15/22
 14137 | D:11     | Noticed a brown ugly thing
 14419 | D:11     | Reached skill level 9 in Dodging
 14428 | D:11     | Noticed a boulder beetle
 14465 | D:11     | Killed a boulder beetle
 14669 | D:11     | Killed a brown ugly thing
 14811 | D:11     | Found a staircase to the Lair.
 15017 | D:11     | Found a staircase to the Orcish Mines.
 15815 | Lair:1   | Entered Level 1 of the Lair of Beasts
 16036 | Lair:1   | Noticed a four-headed hydra
 16056 | Lair:1   | Killed a four-headed hydra
 16057 | Lair:1   | Reached skill level 10 in Dodging
 16218 | Lair:1   | Identified the ring "Koll" {Drain Int+7 Dex+6}
 17502 | Lair:1   | Gained mutation: Your thick and shaggy fur keeps you warm.
                  | (AC +3, rC+) [Felid growth]
 17502 | Lair:1   | Reached XP level 12. HP: 54/54 MP: 13/26
 17779 | Lair:1   | Bought the Grimoire of Invitation for 630 gold pieces
 17785 | Lair:1   | Learned a level 5 spell: Summon Mana Viper
 17792 | Lair:1   | Learned a level 6 spell: Summon Cactus Giant
 17847 | Lair:2   | Noticed a boulder beetle
 17873 | Lair:2   | Killed a boulder beetle
 18284 | Lair:2   | Reached skill level 10 in Summonings
 18422 | Lair:2   | Noticed a four-headed hydra
 18430 | Lair:2   | Killed a four-headed hydra
 18773 | Lair:2   | Found a staircase to the Snake Pit.
 18906 | Lair:2   | Reached skill level 11 in Dodging
 19322 | Lair:2   | Upgraded the game from 0.31-a0-188-g5e087ee2ca to
                  | 0.31-a0-196-g86fe4a5e66
 19790 | Lair:3   | Found a staircase to the Swamp.
 20283 | Lair:3   | Killed from afar by an electric eel
 20284 | Lair:3   | Reached XP level 11. HP: -2/52 MP: 7/25
 20756 | Lair:3   | Reached XP level 12. HP: 56/56 MP: 9/26
 21223 | Lair:3   | Bought a potion of enlightenment for 80 gold pieces
 21223 | Lair:3   | Bought a potion of curing for 48 gold pieces
 21223 | Lair:3   | Bought a potion of curing for 48 gold pieces
 21223 | Lair:3   | Bought a potion of berserk rage for 80 gold pieces
 21223 | Lair:3   | Bought a potion of enlightenment for 80 gold pieces
 21225 | Lair:3   | Bought 2 potions of lignification for 96 gold pieces
 21588 | D:9      | Killed IdlyInterested's ghost
 21590 | D:9      | Killed a two-headed ogre
 21594 | D:9      | Killed a two-headed ogre
 21595 | D:9      | Reached skill level 10 in Spellcasting
 21599 | D:9      | Killed a two-headed ogre
 21600 | D:9      | Killed a two-headed ogre
 21601 | D:9      | Reached skill level 12 in Dodging
 21620 | D:9      | Killed a two-headed ogre
 21738 | Orc:1    | Entered Level 1 of the Orcish Mines
 22397 | Orc:1    | Found a radiant altar of Vehumet.
 22400 | Orc:1    | Noticed Snorg
 22408 | Orc:1    | Killed Snorg
 22588 | Orc:2    | Entered Level 2 of the Orcish Mines
 22594 | Orc:2    | Found a staircase to the Elven Halls.
 22635 | Orc:2    | Noticed an orc warlord
 22830 | Orc:1    | Killed an orc warlord
 23019 | Orc:2    | Found Raduecar's Armour Boutique.
 23270 | Orc:2    | Noticed a two-headed ogre
 23272 | Orc:2    | Noticed a two-headed ogre
 23275 | Orc:2    | Noticed a two-headed ogre
 23276 | Orc:2    | Killed a two-headed ogre
 23283 | Orc:2    | Killed a two-headed ogre
 23284 | Orc:2    | Noticed an ogre mage
 23288 | Orc:2    | Noticed a two-headed ogre
 23291 | Orc:2    | Killed a two-headed ogre
 23294 | Orc:2    | Noticed an ogre mage
 23295 | Orc:2    | Noticed a two-headed ogre
 23297 | Orc:2    | Noticed an ogre mage
 23299 | Orc:2    | Killed a two-headed ogre
 23299 | Orc:2    | Killed an ogre mage
 23300 | Orc:2    | Reached skill level 10 in Hexes
 23300 | Orc:2    | Reached XP level 13. HP: 60/60 MP: 5/28
 23721 | Orc:1    | Reached skill level 13 in Dodging
 23882 | Orc:2    | Reached skill level 10 in Fighting
 24057 | Orc:2    | Found Lomos's Assorted Antiques.
 24057 | Orc:2    | Found Vetaghano's Distillery.
 24057 | Orc:2    | Found Qanir's Distillery.
 24057 | Orc:2    | Found Etrisch's Armour Boutique.
 24140 | Orc:2    | Noticed an ettin
 24160 | Orc:2    | Killed an ettin
 24411 | Orc:2    | Noticed an ettin
 24434 | Orc:2    | Killed an ettin
 24817 | Orc:2    | Bought a potion of heal wounds for 85 gold pieces
 24817 | Orc:2    | Bought a potion of haste for 170 gold pieces
 24817 | Orc:2    | Bought a potion of curing for 51 gold pieces
 24817 | Orc:2    | Bought a potion of curing for 51 gold pieces
 24817 | Orc:2    | Bought a potion of curing for 51 gold pieces
 24817 | Orc:2    | Bought a potion of curing for 51 gold pieces
 24817 | Orc:2    | Bought a potion of mutation for 136 gold pieces
 24817 | Orc:2    | Bought a potion of mutation for 136 gold pieces
 24875 | Lair:1   | Bought the Atlas of the Gestalt for 420 gold pieces
 24884 | Lair:1   | Learned a level 7 spell: Dragon Form
 24956 | Lair:4   | Reached skill level 1 in Transmutations
 26014 | Lair:4   | Reached skill level 14 in Dodging
 26567 | Orc:2    | Bought a scroll of identify for 48 gold pieces
 26567 | Orc:2    | Bought a scroll of identify for 48 gold pieces
 26571 | Orc:2    | Bought a potion of haste for 240 gold pieces
 26571 | Orc:2    | Bought a potion of heal wounds for 120 gold pieces
 26571 | Orc:2    | Bought a scroll labelled CUZIEDDOBOICS for 24 gold pieces
 26715 | Lair:5   | Entered Level 5 of the Lair of Beasts
 26896 | Lair:5   | Reached XP level 14. HP: 66/66 MP: 24/30
 27218 | Lair:5   | Reached skill level 5 in Transmutations
 27759 | Lair:5   | Found a staircase to the Slime Pits.
 28791 | Lair:5   | Reached skill level 15 in Dodging
 29044 | Lair:5   | Identified the ring of Tiss {rPois MP+9}
 30649 | D:12     | Reached XP level 15. HP: 72/72 MP: 23/31
 31455 | Orc:2    | Bought a potion of curing for 45 gold pieces
 31455 | Orc:2    | Bought a potion of haste for 150 gold pieces
 31455 | Orc:2    | Bought a potion of heal wounds for 75 gold pieces
 31455 | Orc:2    | Bought a potion of invisibility for 120 gold pieces
 31455 | Orc:2    | Bought a potion of berserk rage for 75 gold pieces
 31455 | Orc:2    | Bought a potion of magic for 120 gold pieces
 31456 | Orc:2    | Bought a potion of berserk rage for 85 gold pieces
 31457 | Orc:2    | Bought a knobbly jade ring for 120 gold pieces
 31871 | D:13     | Found Vomno Catz's Weapon Boutique.
 32483 | D:13     | Found a gate to the Vaults.
 33085 | D:14     | Shot with an arrow by a centaur warrior
 33086 | D:14     | Reached XP level 14. HP: 0/69 MP: 15/39
 33156 | D:14     | Found a gate leading to a gauntlet.
 33182 | Gauntlet | Entered a Gauntlet
 33182 | Gauntlet | Found a transporter.
 33193 | Gauntlet | Found a transporter.
 33206 | Gauntlet | Found a transporter.
 33213 | Gauntlet | Found a transporter.
 33228 | Gauntlet | Found a transporter.
 33247 | Gauntlet | Found a transporter.
 33277 | Gauntlet | Found a transporter.
 33283 | Gauntlet | Found a transporter.
 33285 | Gauntlet | Found a transporter.
 33308 | Gauntlet | Found a transporter.
 33313 | Gauntlet | Found a transporter.
 33317 | Gauntlet | Found a transporter.
 33338 | Gauntlet | Found a transporter.
 33343 | Gauntlet | Found a transporter.
 33345 | Gauntlet | Found a transporter.
 33368 | Gauntlet | Found a transporter.
 33373 | Gauntlet | Found a transporter.
 33422 | Gauntlet | Found a transporter.
 33521 | Gauntlet | Reached skill level 10 in Transmutations
 33540 | Gauntlet | Got Sif Muna's Textbook on Transportation
 33546 | Gauntlet | Learned a level 2 spell: Blink
 33665 | Gauntlet | Identified the ring "Ilimugek" {Fire Dex+3}
 33739 | Gauntlet | Identified the amulet of Sozeosto {RegenMP rPois Regen+}
 33910 | Gauntlet | Identified the +8 glaive of the Throat {speed, Contam Int+4
                  | Dex+3 SInv}
 33934 | Gauntlet | Identified the +0 ring mail of Gravitas {rN++ rCorr}
 34018 | D:14     | Noticed Josephine
 34033 | D:14     | Killed Josephine
 34040 | D:14     | Reached skill level 16 in Dodging
 34141 | D:14     | Found Ludedef's Antique Armour Shoppe.
 34143 | D:14     | Found Higet's Weapon Shoppe.
 34143 | D:14     | Found Hoesam's Jewellery Shoppe.
 34146 | D:14     | Gained mutation: You do not regenerate when monsters are
                  | visible. [mutagenic glow]
 34163 | D:14     | Found Mynenubb's Jewellery Shoppe.
 34175 | D:14     | Bought a ring of wizardry for 360 gold pieces
 34889 | Swamp:1  | Entered Level 1 of the Swamp
 34965 | Swamp:1  | Found a frozen archway.
 34980 | IceCv    | Entered an ice cave
 35011 | IceCv    | Lost mutation: You do not regenerate when monsters are
                  | visible. [potion of mutation]
 35011 | IceCv    | Gained mutation: Your muscles are strong. (Str +4, Int/Dex
                  | -1) [potion of mutation]
 35011 | IceCv    | Gained mutation: Your flesh is cold resistant. (rC+)
                  | [potion of mutation]
 35011 | IceCv    | Gained mutation: You have an increased reservoir of magic.
                  | (+10% MP) [potion of mutation]
 35676 | IceCv    | Noticed a white draconian knight
 35699 | IceCv    | Killed from afar by a white draconian knight
 35700 | IceCv    | Reached XP level 13. HP: -3/97 MP: 24/31
 35780 | IceCv    | Killed a white draconian
 35806 | IceCv    | Killed a white draconian knight
 35854 | IceCv    | Identified the amulet of the Firefly {Reflect rElec rF+
                  | Dex+3 SH+5}
 35890 | IceCv    | Killed a white draconian
 35891 | IceCv    | Reached XP level 14. HP: 69/69 MP: 26/32
 35928 | IceCv    | Identified the +0 ice dragon scales of the Durable God
                  | {Harm rF- rC++ rN+ Dex+3 SInv}
 36452 | Swamp:1  | Identified the +10 arbalest of Massacring {heavy, rC- Will-
                  | MP+9 Dex+10}
 36733 | Lair:1   | Learned a level 4 spell: Manifold Assault
 36786 | Snake:1  | Entered Level 1 of the Snake Pit
 36801 | Snake:1  | Reached skill level 1 in Translocations
 36887 | Snake:1  | Reached skill level 1 in Unarmed Combat
 37319 | Snake:1  | Reached skill level 17 in Dodging
 38202 | Swamp:2  | Slain by a bog body

Illustrated notes

Levels and vault maps discovered:
D:1:      minmay_arrival_cross, layout_loops_ring, grunt_decor_mini_mirrors
D:2:      layout_loops_cross, eino_tiny_chamber, minmay_cut_off
D:3:      layout_loops_corners, mainiacjoe_overflow_tiny_flanked,
          nicolae_uskayaw_murder_on_the_dancefloor
D:4:      minmay_spotlight, layout_cave_pools, minivault_19, minmay_manual_mess,
          uniq_blork_the_orc
D:5:      layout_cave_pools, serial_shops, nicolae_shop_tiny_glass,
          nicolae_ossuary_entry_ruins, nicolae_shop_firing_range, uniq_menkaure
D:6:      layout_basic, nicolae_ru_awakened_eye,
          nicolae_qazlal_scattered_showers, minmay_temple_entry_metal_lava,
          uniq_sigmund
D:7:      layout_basic, mainiacjoe_overflow_six_doors_small,
          kennysheep_mini_moat, minmay_misc_feat_square
D:8:      layout_cave_pods, overflow_temple_1_default
D:9:      layout_stronghold, gammafunk_ghost_smash, nicolae_the_louvre,
          uniq_maggie
D:10:     layout_roguey, mainiacjoe_overflow_catwalk, enter_bailey_5, eino_jars
D:11:     layout_loops_ring, dpeg_oklobed_lair, zombieorc1_lemuel,
          dreamdust_gnoll_shepherd
D:12:     layout_gridville
D:13:     layout_basic, erik_vaults_1, serial_shops, nicolae_shop_stone
D:14:     layout_cave_pools, roderic_lattice_a, gauntlet_entry_generic,
          minmay_shop_grid_forest, chequers_mini_garden, uniq_josephine
Temple:   minmay_temple_curvy_branch
Lair:1:   layout_layer_cave
Lair:2:   layout_roguey, minmay_snake_entry_guardpost_medium,
          chequers_serial_rivers_room_a
Lair:3:   layout_long_grid, minmay_swamp_entry_eels, roderic_carrion_pond,
          lemuel_fruit_tree
Lair:4:   layout_cave_pods
Lair:5:   hangedman_lair_in_review, layout_layer_cave, slime_entry_1,
          minmay_shattered_shrine
Swamp:1:  layout_basic_swamp, portal_ice_cave_entry_pillars_three,
          nicolae_swamp_well_well_well, swamp_pool5,
          nicolae_swamp_hydra_murder_den
Swamp:2:  layout_basic_swamp, evilmike_swamp_ruin_rubble_1, swamp_pool1,
          nicolae_swamp_stuck_in_the_mud
Snake:1:  layout_layer_cave, grunt_ministairs_12
Orc:1:    layout_diamond_mine, basic_altar, uniq_snorg
Orc:2:    st_orc_ogre_mass, layout_caves, serial_shops, nicolae_square_shop,
          mines1_david

Skill      XL: |  1  2  3  4  5  6  7  8  9 10 11 12 13 14 15 |
---------------+----------------------------------------------+-----
Spellcasting   | 3 4 5 6 7 9 10 11 | 11.0
Hexes          | 2 4 5 10 | 10.0
Summonings     | 5 6 7 8 11 10 12 14 | 14.0
Dodging        | 4 5 7 8 10 12 14 17 | 17.0
Air Magic      | 2 4 6 7 |  7.0
Fighting       | 1 3 4 5 7 9 10 13 12 | 13.1
Ice Magic      | 3 5 |  5.0
Transmutations | 4 12 9 | 12.8
Translocations | 3 |  3.5
Unarmed Combat | 2 |  2.3
Stealth        | |  2.6

Action                     |  1- 3 |  4- 6 |  7- 9 | 10-12 | 13-15 || total
---------------------------+-------+-------+-------+-------+-------++-------
  Melee: Unarmed           |    45 |     9 |    12 |    32 |   144 ||   242
         Bite              |     5 |     3 |     2 |     6 |    30 ||    46
         Tailslap          |       |       |       |       |    30 ||    30
         Punch             |       |       |       |       |     2 ||     2
   Cast: Summon Small Mamm |    26 |    14 |       |       |       ||    40
         Call Imp          |    14 |    14 |    27 |    16 |       ||    71
         Call Canine Famil |    11 |    20 |    41 |    53 |    10 ||   135
         Summon Guardian G |       |     2 |    51 |    64 |    39 ||   156
         Summon Lightning  |       |       |    17 |    43 |    36 ||    96
         Summon Ice Beast  |       |       |     5 |    50 |    29 ||    84
         Summon Cactus Gia |       |       |       |    41 |   129 ||   170
         Summon Mana Viper |       |       |       |    41 |    85 ||   126
         Dragon Form       |       |       |       |       |    22 ||    22
 Invoke: Call Merchant     |       |       |       |     2 |     1 ||     3
Ability: Breathe Fire      |       |       |       |       |    15 ||    15
  Evoke: Wand              |       |       |     6 |     2 |       ||     8
    Use: Scroll            |       |     2 |     8 |    11 |    11 ||    32
         Potion            |       |       |     2 |     1 |     5 ||     8
   Stab: Sleeping          |     4 |     1 |       |     1 |     1 ||     7
         Distracted        |       |       |     1 |     1 |     2 ||     4
 Armour: Skin              |     7 |       |     3 |     3 |    40 ||    53
  Dodge: Dodged            |    53 |    16 |   118 |   198 |   458 ||   843

Table legend: (Time is in decaauts)
 A = Elapsed time spent in this place.
 B = Non-inter-level travel time spent in this place.
 C = Inter-level travel time spent in this place.
 D = Time resting spent in this place.
 E = Time spent auto-exploring this place.
 F = Levels seen in this place.
 G = Mean time per level.
                   A        B        C        D        E       F      G
               +--------+--------+--------+--------+--------+-----+--------+
         Total |  33947 |  30957 |   2990 |   8054 |   9810 |  29 | 1170.6 |
       Dungeon |  16826 |  15330 |   1496 |   3337 |   6764 |  14 | 1201.9 |
        Temple |    236 |    216 |     20 |      0 |    162 |   1 |  236.0 |
          Lair |   9532 |   8434 |   1098 |   2692 |   2353 |   5 | 1906.4 |
         Swamp |    704 |    665 |     39 |     61 |    313 |   2 |  352.0 |
     Snake Pit |   1155 |   1122 |     33 |     10 |     63 |   1 | 1155.0 |
  Orcish Mines |   2724 |   2421 |    303 |    892 |    154 |   2 | 1362.0 |
       Ossuary |    459 |    459 |      0 |    201 |      0 |   1 |  459.0 |
        Bailey |    619 |    619 |      0 |    341 |      0 |   1 |  619.0 |
      Ice Cave |    992 |    992 |      0 |    302 |      0 |   1 |  992.0 |
      Gauntlet |    696 |    696 |      0 |    217 |      0 |   1 |  696.0 |
               +--------+--------+--------+--------+--------+-----+--------+

Top non-repeatable levels by time:
  Lair:5: 2435 daAuts
  Lair:1: 2225 daAuts
  Lair:2: 2000 daAuts
    D:11: 1980 daAuts
   Orc:1: 1584 daAuts
  Lair:4: 1524 daAuts
  Lair:3: 1347 daAuts
     D:5: 1300 daAuts
     D:8: 1294 daAuts
     D:3: 1279 daAuts
    D:10: 1251 daAuts
     D:9: 1230 daAuts
    D:12: 1223 daAuts
     D:6: 1212 daAuts
    D:13: 1166 daAuts
